 Dungeon Crawl Stone Soup version 0.31-a0-234-gad7ace16ef (webtiles) character file.

Game seed: 8620646687334177219

45 qw the Shooter (level 3, -3/30 HPs)
             Began as a Minotaur Hexslinger on July 9, 2023.
             Killed from afar by an orc wizard (5 damage)
             ... with a magic dart
             ... on level 3 of the Dungeon.
             The game lasted 00:00:36 (1763 turns).

qw the Shooter (Minotaur Hexslinger)                Turns: 1763, Time: 00:00:36

Health: -3/30      AC:  5    Str: 12    XL:     3   Next: 42%
Magic:  3/3        EV: 11    Int: 10    God:
Gold:   206        SH:  0    Dex: 14    Spells: 3/4 levels left

rFire   . . .        Y - +2 sling
rCold   + . .        (no shield)
rNeg    + . .        j - +0 ring mail
rPois   .            (helmet restricted)
rElec   .            (no cloak)
rCorr   .            (no gloves)
SInv    .            (no boots)
Will    .....        a - amulet of faith
Stlth   +            b - ring of protection from cold
HPRegen 0.25/turn    c - ring of positive energy
MPRegen 0.08/turn

%: faith
@: no status effects
A: horns 2, retaliatory headbutt
a: no special abilities


You were on level 3 of the Dungeon.
You visited 1 branch of the dungeon, and saw 3 of its levels.

You collected 206 gold pieces.


Innate Abilities, Weirdness & Mutations

You have a pair of horns on your head.
You reflexively headbutt those who attack you in melee.


   Skills:
 - Level 2.4 Fighting
 + Level 3.7 Ranged Weapons
 - Level 2.1 Dodging
 - Level 1.0 Spellcasting
 - Level 2.0 Hexes


You had 3 spell levels left.
You knew the following spells:

 Your Spells              Type           Power      Damage    Failure   Level
a - Slow                  Hex            16%        N/A       34%         1

Your spell library contained the following spells:

 Spells                   Type           Power      Damage    Failure   Level
 Inner Flame              Hex/Fire       2%         N/A       83%         3
 Portal Projectile        Hex/Tloc       4%         N/A       83%         3
 Cause Fear               Hex            2%         N/A       98%         4

Inventory:

Hand Weapons
 Y - a +2 sling (weapon)
Armour
 j - a +0 ring mail (worn)
Jewellery
 a - an amulet of faith (around neck)
 b - a ring of protection from cold (left hand)
 c - a ring of positive energy (right hand)
Scrolls
 g - a scroll of revelation {unknown}
Potions
 e - 2 potions of degeneration {unknown}
 f - a potion of might {unknown}
 i - a potion of attraction {unknown}
 k - a potion of enlightenment {unknown}

Dungeon Overview and Level Annotations

Branches:
Dungeon (3/15)

Altars:
Yredelemnul
Zin

Annotations:
D:2 1 runed translucent door, Crazy Yiuf


Message History

The orc wizard gestures at you while chanting.
The puff of flame misses you. The orc barely misses you.
You shoot a sling bullet. The sling bullet hits the orc wizard.
The orc wizard is almost dead.
The orc wizard gestures at you while chanting.
You are confused.
The orc hits you with a +2 heavy falchion.
The orc wizard gestures at you while chanting.
The magic dart hits you.
The orc wizard hits you but does no damage.
The orc closely misses you.
The orc wizard gestures at you while chanting.
The magic dart hits you. The orc misses you.
The orc wizard hits you with a +0 dagger.
You feel less confused. The orc wizard closely misses you.
The orc barely misses you.
You shoot a sling bullet. The sling bullet hits the orc wizard.
The orc wizard is almost dead.
The orc wizard barely misses you. The orc closely misses you.
You shoot a sling bullet.
The sling bullet closely misses the orc wizard.
You shoot a sling bullet.
The sling bullet barely misses the orc wizard.
The orc wizard hits you with a +0 dagger.
The orc barely misses you.
You shoot a sling bullet.
The sling bullet hits the orc wizard but does no damage.
The orc wizard is almost dead.
The orc wizard closely misses you. The orc barely misses you.
The orc wizard gestures at you while chanting.
The puff of flame hits you!
You shoot a sling bullet.
The sling bullet closely misses the orc wizard.
The orc wizard misses you.
The orc hits you with a +2 heavy falchion.
You shoot a sling bullet.
The sling bullet barely misses the orc wizard.
The orc wizard casts a spell at you. The magic dart hits you.
You die...

##########
#........#
#.######.# #.# #.#
#.# #@# #.#
#...ooo..... #.#
#####''#####
###.## ..~¤ #....#
~. ....¤
#.####~¤...¤~...¤~
#.# #~¤....¤~....¤
#.##¤¤...¤¤~¤.....
#.#~¤¤.....


You could see an orc wizard and 2 orcs.

Vanquished Creatures
  An adder (D:2)
  2 dart slugs
  An orc (D:3)
  2 endoplasms
  5 hobgoblins
  A quokka (D:1)
  4 ball pythons
  A bat (D:2)
  A frilled lizard (D:1)
  7 goblins
  2 kobolds
  3 rats
30 creatures vanquished.

Notes
Turn   | Place    | Note
-------+----------+-------------------------------------------
     0 | D:1      | qw the Minotaur Hexslinger began the quest for the Orb.
     0 | D:1      | Reached XP level 1. HP: 16/16 MP: 1/1
     0 | D:1      | 0 ||| qw: Version: 0.3-a-51-g015441d
     0 | D:1      | 0 ||| qw: Game counter: 4237
     0 | D:1      | 0 ||| qw: Melee chars always use a shield: true
     0 | D:1      | 0 ||| qw: God list: Okawaru
     0 | D:1      | 0 ||| qw: Allow faded altars: false
     0 | D:1      | 0 ||| qw: Do Orc after clearing Dungeon:15 true
     0 | D:1      | 0 ||| qw: Do second Lair branch before Depths: true
     0 | D:1      | 0 ||| qw: Lair rune preference: random
     0 | D:1      | 0 ||| qw: Goals: Normal
     0 | D:1      | 0 ||| PLANNING D:1-11
   133 | D:1      | 133 ||| FLEEEEING.
   134 | D:1      | 134 ||| FLEEEEING.
   135 | D:1      | 135 ||| FLEEEEING.
   136 | D:1      | 136 ||| FLEEEEING.
   137 | D:1      | 137 ||| FLEEEEING.
   139 | D:1      | 139 ||| FLEEEEING.
   140 | D:1      | 140 ||| FLEEEEING.
   141 | D:1      | 141 ||| FLEEEEING.
   142 | D:1      | 142 ||| FLEEEEING.
   143 | D:1      | 143 ||| FLEEEEING.
   144 | D:1      | 144 ||| FLEEEEING.
   145 | D:1      | 145 ||| FLEEEEING.
   146 | D:1      | 146 ||| FLEEEEING.
   151 | D:1      | Reached skill level 3 in Ranged Weapons
   233 | D:1      | Reached XP level 2. HP: 21/23 MP: 2/2
   421 | D:1      | 421 ||| UPGRADING to +0 ring mail.
   431 | D:1      | 431 ||| DROPPING +0 robe.
   437 | D:1      | 437 ||| DROPPING +6 ring of intelligence.
   456 | D:1      | 456 ||| READING scroll labelled VESESILIWK.
   481 | D:1      | 481 ||| READING scroll labelled SOIXUNYUSA.
   482 | D:1      | 482 ||| READING scroll labelled LUDAID LOGG.
   486 | D:1      | Found a basalt altar of Yredelemnul.
   489 | D:1      | 489 ||| DRINKING 2 fuming grey potions.
   490 | D:1      | 490 ||| DROPPING scroll of poison.
  1053 | D:2      | Reached XP level 3. HP: 30/30 MP: 3/3
  1131 | D:2      | Found a runed translucent door.
  1132 | D:2      | Noticed Crazy Yiuf
  1266 | D:2      | 1266 ||| UPGRADING to amulet of faith.
  1271 | D:2      | 1271 ||| UPGRADING to ring of protection from cold.
  1272 | D:2      | 1272 ||| READING scroll labelled ZUTOIH BICUSUKKO.
  1272 | D:2      | Identified a scroll of acquirement
  1272 | D:2      | 1272 ||| ACQUIRING ring of positive energy
  1272 | D:2      | Acquired a ring of positive energy
  1274 | D:2      | 1274 ||| UPGRADING to ring of positive energy.
  1275 | D:2      | 1275 ||| DRINKING 2 fuming cyan potions.
  1276 | D:2      | 1276 ||| DROPPING potion of brilliance.
  1300 | D:3      | 1300 ||| STAIRDANCE
  1637 | D:3      | Found a glowing silver altar of Zin.
  1748 | D:3      | 1748 ||| DRINKING potion of curing.
  1748 | D:3      | 1748 ||| (to cure confusion)
  1762 | D:3      | HP: 2/30 [orc/+2 heavy falchion (6)]
  1763 | D:3      | Killed from afar by an orc wizard

Levels and vault maps discovered:
D:1:      dpeg_arrival_lava_altar, layout_basic
D:2:      layout_loops_ring, dreamdust_wishing_well, dk_noncrumbling_3,
          item_on_display_a, uniq_crazy_yiuf_cottage
D:3:      layout_loops_corners, zin_statuary, mainiacjoe_overflow_tiny_flanked,
          kennysheep_cross_room, kennysheep_orc_chapel, uniq_ijyb

Skill      XL: |  1  2 |
---------------+-------+-----
Ranged Weapons | 3 |  3.7
Fighting       | 2 |  2.4
Dodging        | |  2.1
Spellcasting   | |  1.0
Hexes          | |  2.0

Action                     || total
---------------------------++-------
   Fire: Sling             ||    88
    Use: Scroll            ||     4
         Potion            ||     3
 Armour: Robe              ||     1
         Ring mail         ||     7
  Dodge: Dodged            ||    31

Table legend:
 A = Non-vault XP
 B = Vault XP
 C = Vault XP percentage of total XP
 D = Non-vault monster count
 E = Vault monster count
 F = Vault count percentage of total count
                 A         B        C        D         E       F
            +---------+---------+-------+---------+---------+-------
      Total |      65 |       0 |   0.0 |      30 |       0 |   0.0
            +---------+---------+-------+---------+---------+-------
        D:1 |      15 |       0 |   0.0 |       8 |       0 |   0.0
        D:2 |      32 |       0 |   0.0 |      11 |       0 |   0.0
        D:3 |      18 |       0 |   0.0 |      11 |       0 |   0.0
            +---------+---------+-------+---------+---------+-------
